 Dungeon Crawl Stone Soup version 0.23-a0-169-gb21e695 (webtiles) character file.

93 Amnesiac the Magician (level 4, 0/30 HPs)
             Began as a Mummy Ice Elementalist on Sept 11, 2018.
             Slain by a bullfrog skeleton (4 damage)
             ... on level 4 of the Dungeon.
             The game lasted 00:03:02 (1049 turns).

Amnesiac the Magician (Mummy Ice Elementalist)      Turns: 1049, Time: 00:03:02

Health: 0/30       AC:  3    Str: 11    XL:     4   Next: 36%
Magic:  2/8        EV: 12    Int: 15    God:
Gold:   67         SH:  0    Dex: 12    Spells: 3/9 levels left

rFire    x . .     SeeInvis .   b - +0 dagger
rCold    + . .     Gourm    .   (no shield)
rNeg     + + +     Faith    .   a - +1 robe
rPois    ∞         Spirit   .   (no helmet)
rElec    .         Reflect  .   (no cloak)
rCorr    .         Harm     .   (no gloves)
MR       .....     Rnd*Tele +   (no boots)
Stlth    ++........             (no amulet)
HPRegen  0.10/turn              i - ring of teleportation (curse)
MPRegen  0.11/turn              (no ring)

@: very slightly contaminated
A: no food or potions, fire vulnerability, cold resistance 1, negative energy
resistance 3, torment resistance, unbreathing
a: no special abilities


You were on level 4 of the Dungeon.
You were not hungry.

You visited 1 branch of the dungeon, and saw 5 of its levels.

You collected 67 gold pieces.

Inventory:

Hand Weapons
 b - a +0 dagger (weapon)
Armour
 a - a +1 robe (worn)
Jewellery
 i - a cursed ring of teleportation (left hand)
Wands
 e - a wand of flame (24)
Scrolls
 c - a scroll of identify {!r}
 h - a scroll of amnesia {!r}


   Skills:
 - Level 1.5 Dodging
 - Level 1.5 Stealth
 - Level 3.0 Spellcasting
   Level 0.7 Conjurations
 * Level 2.6 Transmutations
 - Level 3.0 Ice Magic


You had 3 spell levels left.
You knew the following spells:

 Your Spells              Type           Power        Failure   Level  Hunger
a - Freeze                Ice            ##..         6%          1    N/A
b - Sticks to Snakes      Tmut           ##......     10%         2    N/A
z - Ozocubu's Armour      Chrm/Ice       #.......     32%         3    N/A

Your spell library contained the following spells:

 Spells                   Type           Power        Failure   Level  Hunger
 Throw Frost              Conj/Ice       #.....       14%         2    N/A
 Throw Icicle             Conj/Ice       #.......     67%         4    N/A
 Summon Ice Beast         Ice/Summ       #.......     71%         4    N/A
 Beastly Appendage        Tmut           Unusable     N/A         1    N/A
 Spider Form              Tmut/Pois      Unusable     N/A         3    N/A
 Ice Form                 Ice/Tmut       Unusable     N/A         4    N/A
 Blade Hands              Tmut           Unusable     N/A         5    N/A

Dungeon Overview and Level Annotations

Branches:
Dungeon (5/15)
 Temple: D:4-7

Altars:


Innate Abilities, Weirdness & Mutations

You do not eat or drink.
Your flesh is vulnerable to fire.
You are immune to poison.
Your flesh is cold resistant. (rC+)
You are immune to negative energy. (rN+++)
You are immune to unholy pain and torment.
You can survive without breathing.


Message History

The hound is moderately wounded.
The hound bites you. x2
Casting: Freeze (safe; 6% risk of failure)
Confirm with . or Enter, or press ? or * to list all spells.
Aiming: Freeze (safe; 6% risk of failure)
Press: ? - help, Shift-Dir - straight line, f/p - hound
Aim: a hound (moderately wounded)
You miscast Freeze.
Nothing appears to happen.
The hound bites you.
Casting: Freeze (safe; 6% risk of failure)
Confirm with . or Enter, or press ? or * to list all spells.
Aiming: Freeze (safe; 6% risk of failure)
Press: ? - help, Shift-Dir - straight line, f/p - hound
Aim: a hound (moderately wounded)
You freeze the hound.
The hound is heavily wounded.
The hound misses you. The hound bites you.
Casting: Freeze (safe; 6% risk of failure)
Confirm with . or Enter, or press ? or * to list all spells.
Aiming: Freeze (safe; 6% risk of failure)
Press: ? - help, Shift-Dir - straight line, f/p - hound
Aim: a hound (heavily wounded)
You freeze the hound.
The hound is almost dead.
The hound bites you.
* * * LOW HITPOINT WARNING * * *
The hound barely misses you. The hound bites you but does no damage.
Casting: Freeze (safe; 6% risk of failure)
Confirm with . or Enter, or press ? or * to list all spells.
Aiming: Freeze (safe; 6% risk of failure)
Press: ? - help, Shift-Dir - straight line, f/p - hound
Aim: a hound (almost dead)
You freeze the hound.
You kill the hound!
You have reached level 4!
The hound closely misses you.
Casting: Freeze (safe; 6% risk of failure)
Confirm with . or Enter, or press ? or * to list all spells.
Aiming: Freeze (safe; 6% risk of failure)
Press: ? - help, Shift-Dir - straight line, f - hound
Aim: a hound You freeze the hound.
The hound is moderately wounded.
The hound bites you.
* * * LOW HITPOINT WARNING * * *
The hound bites you.
* * * LOW HITPOINT WARNING * * *
Casting: Freeze (safe; 6% risk of failure)
Confirm with . or Enter, or press ? or * to list all spells.
You don't have enough magic to cast that spell.
Casting: Freeze (safe; 6% risk of failure)
Confirm with . or Enter, or press ? or * to list all spells.
You don't have enough magic to cast that spell.
Really read
f - a scroll of teleportation {!r}?
As you read the scroll of teleportation {!r}, it crumbles to dust.
You feel strangely unstable. The hound barely misses you.
The hound barely misses you. The hound bites you.
* * * LOW HITPOINT WARNING * * *
Your surroundings suddenly seem different.
A bullfrog skeleton comes into view.
The bullfrog skeleton barely misses you.
The bullfrog skeleton closely misses you.
The bullfrog skeleton hits you.
You die...

#### #.............. .a## ...
#.###.#...####.##... #.## ###
#.##### #.##..# ##.##.##..
###.### #.##..#
#...#.##.###.....# #.##..#
.................######!##..###
...<..........................#
)###.....#......Z##.##......#.#
.###..##.#......@.......##.##.#
....................###.##.##.##
##.#.##..#.....###### #.##.#...##
...............########.##......#
##.#.##..#..............##......#
#.##.##..#.<...########.###>....#
.###.##........# #.# ##....# ##
#...........########.# ##.#.#
####.##....#.........# #.#.#


You could see a bullfrog skeleton.

Vanquished Creatures
  A hound (D:4)
  An orc wizard (D:4)
  A worker ant (D:4)
  An adder skeleton (D:4)
  An orc (D:4)
  2 bats
  2 goblins
  3 hobgoblins (D:3)
  3 kobolds
15 creatures vanquished.

Notes
Turn   | Place    | Note
-------+----------+-------------------------------------------
     0 | D:1      | Amnesiac the Mummy Ice Elementalist began the quest for the
                  | Orb.
     0 | D:1      | Reached XP level 1. HP: 13/13 MP: 4/4
   471 | D:3      | Reached XP level 2. HP: 19/19 MP: 2/5
   480 | D:3      | Learned a level 2 spell: Sticks to Snakes
   588 | D:4      | Reached skill level 1 in Transmutations
   588 | D:4      | Reached XP level 3. HP: 20/24 MP: 3/7
   593 | D:4      | Learned a level 3 spell: Ozocubu's Armour
   829 | D:5      | Entered Level 5 of the Dungeon
   829 | D:5      | Noticed a phantom
  1034 | D:4      | Reached XP level 4. HP: 11/30 MP: 1/8
  1049 | D:4      | Slain by a bullfrog skeleton

Vault maps used:
D:1:      roderic_crossed_star, minmay_statues_item
D:2:      serial_bayou_lagoon_b
D:3:      lemuel_coloured_pillars_altar
D:4:      minmay_temple_entry_crystal_x, serial_shops, kennysheep_little_box,
          serial_bayou_pond_a, wad_orctagon
D:5:      serial_shops, shop, first_ration, uniq_blork_the_orc

Skill      XL: |  1  2  3 |
---------------+----------+-----
Spellcasting   | 3 |  3.0
Transmutations | 1 2 |  2.6
Ice Magic      | 3 |  3.0
Dodging        | |  1.5
Stealth        | |  1.5
Conjurations   | |  0.7

Action                   |  1- 3 |  4- 6 || total
-------------------------+-------+-------++-------
Melee: Dagger            |    18 |       ||    18
       Unarmed           |     2 |       ||     2
 Cast: Freeze            |    30 |     2 ||    32
  Use: Scroll            |     5 |     1 ||     6
Armor: Robe              |     7 |       ||     7
Dodge: Dodged            |    28 |     5 ||    33

Table legend:
 A = Non-vault XP
 B = Vault XP
 C = Vault XP percentage of total XP
 D = Non-vault monster count
 E = Vault monster count
 F = Vault count percentage of total count
                 A         B        C        D         E       F
            +---------+---------+-------+---------+---------+-------
      Total |     133 |       0 |   0.0 |      15 |       0 |   0.0
            +---------+---------+-------+---------+---------+-------
        D:1 |       6 |       0 |   0.0 |       4 |       0 |   0.0
        D:2 |       2 |       0 |   0.0 |       1 |       0 |   0.0
        D:3 |      10 |       0 |   0.0 |       5 |       0 |   0.0
        D:4 |     115 |       0 |   0.0 |       5 |       0 |   0.0
            +---------+---------+-------+---------+---------+-------
